 Dungeon Crawl Stone Soup version 0.28.0-43-g3370ac3207 (webtiles) character file.

Game seed: 17519410251643519771

74 croobank the Sneak (level 4, -2/24 HPs)
             Began as a Kobold Fire Elementalist on Mar 6, 2022.
             Succumbed to an adder's poison
             ... on level 3 of the Dungeon.
             The game lasted 00:07:52 (2175 turns).

croobank the Sneak (Kobold Fire Elementalist)       Turns: 2175, Time: 00:07:52

Health: -2/24      AC:  2    Str:  5    XL:     4   Next: 54%
Magic:  8/8        EV: 15    Int: 18    God:
Gold:   50         SH:  0    Dex: 15    Spells: 5/8 levels left

rFire   . . .      SeeInvis .   e - +0 short sword
rCold   . . .      Faith    .   (no shield)
rNeg    . . .      Spirit   .   a - +0 robe
rPois   .          Reflect  .   (no helmet)
rElec   .          Harm     .   (no cloak)
rCorr   +          Rampage  .   (no gloves)
Will    .....                   (no boots)
Stlth   +++.......              (no amulet)
HPRegen 0.08/turn               j - ring of resist corrosion
MPRegen 0.11/turn               (no ring)

@: mighty, lethally poisoned (-2 -> -14), invisible
A: small, no large weapons, nightstalker 3
a: no special abilities


You were on level 3 of the Dungeon.
You visited 1 branch of the dungeon, and saw 3 of its levels.

You collected 106 gold pieces.
You spent 56 gold pieces at shops.

Inventory:

Hand Weapons
 e - a +0 short sword (weapon)
Missiles
 c - 10 poisoned darts
 d - 67 stones
 f - 5 boomerangs
Armour
 a - a +0 robe (worn)
 h - a +0 leather armour
Jewellery
 j - a ring of resist corrosion (left hand)
Scrolls
 b - a scroll of teleportation {unknown}
 g - a scroll of identify {unknown}
 l - a scroll of fear {unknown}
 m - 2 scrolls of immolation {unknown}
 q - a scroll of amnesia {unknown}
Potions
 p - a potion of flight {unknown}
 r - a potion of curing {unknown}


   Skills:
 + Level 3.2 Dodging
 + Level 3.7 Stealth
 + Level 2.8 Spellcasting
 + Level 1.9 Conjurations
 + Level 3.4 Fire Magic


You had 5 spell levels left.
You knew the following spells:

 Your Spells              Type           Power      Damage    Failure   Level
a - Foxfire               Conj/Fire      48%        2x1d6     5%          1
b - Scorch                Fire           30%        2d6       6%          2

Your spell library contained the following spells:

 Spells                   Type           Power      Damage    Failure   Level
 Sting                    Tmut/Pois      8%         1d3       17%         1
 Conjure Flame            Conj/Fire      12%        6-21      17%         3
 Inner Flame              Hex/Fire       8%         N/A       24%         3
 Poisonous Vapours        Pois/Air       4%         N/A       26%         2
 Flame Wave               Conj/Fire      12%        2d6       50%         4
 Olgreb's Toxic Radiance  Pois           2%         N/A       86%         4


Dungeon Overview and Level Annotations

Branches:
Dungeon (3/15)

Altars:

Shops:
D:2 !

Annotations:
D:2 Sigmund


Innate Abilities, Weirdness & Mutations

You are small and have problems with some larger weapons.
You are completely attuned to the shadows.


Message History

The orc closely misses your foxfire. The adder bites you.
You closely miss the adder.
You feel sick.
The foxfire hits the adder.
The adder is lightly wounded.
The foxfire hits the orc.
The orc is heavily wounded.
The orc misses you. The adder barely misses you.
You miss the adder.
The adder is lightly wounded.
You feel sick. The orc closely misses you. The adder bites you.
An orc comes into view. It is wielding a +0 mace.
The orc closely misses you. The adder barely misses you.
The orc moves out of view.
You puncture the adder! Your punch misses the adder.
The adder is almost dead.
You feel sick. The adder misses you. The orc closely misses you.
You closely miss the adder.
The adder is almost dead.
You feel sick.
You are no longer poisoned.
The adder bites you but does no damage. The orc misses you.
You closely miss the adder.
The adder is almost dead.
The adder bites you but does no damage. The orc barely misses you.
The adder bites you.
* * * LOW HITPOINT WARNING * * *
You barely miss the adder.
The adder is almost dead.
The adder bites you.
* * * LOW HITPOINT WARNING * * *
You are lethally poisoned!
The adder poisons you! The orc barely misses you.
It was a potion of invisibility.
You fade into invisibility!
* * * LOW HITPOINT WARNING * * *
You feel sick. The adder bites you.
* * * LOW HITPOINT WARNING * * *
You are more poisoned.
The adder poisons you! The orc closely misses you.
It was a potion of magic.
Magic courses through your body.
You die...

......
##..))###
........#
#S)o...#
#@....#
#.....#
#.....#
#######...###
......#...#
............
......#.##.#
#####.#.# .#
#<#..


You could see an adder and an orc.

Vanquished Creatures
  An orc wizard (D:3)
  2 adders (D:2)
  A dart slug (D:2)
  2 orcs (D:3)
  A ball python (D:2)
  5 bats
  An endoplasm (D:2)
  2 goblins (D:1)
  3 hobgoblins
  4 jackals (D:2)
  A kobold (D:1)
  A quokka (D:1)
  A rat (D:1)
25 creatures vanquished.

Vanquished Creatures (others)
  51 foxfires
51 creatures vanquished.

Grand Total: 76 creatures vanquished

Notes
Turn   | Place    | Note
-------+----------+-------------------------------------------
     0 | D:1      | croobank the Kobold Fire Elementalist began the quest for
                  | the Orb.
     0 | D:1      | Reached XP level 1. HP: 10/10 MP: 3/3
   721 | D:1      | Reached XP level 2. HP: 15/15 MP: 1/5
  1195 | D:2      | Noticed Sigmund
  1217 | D:2      | Learned a level 2 spell: Scorch
  1553 | D:2      | Reached XP level 3. HP: 19/19 MP: 4/6
  1843 | D:2      | Found Aggaco's Distillery.
  1848 | D:2      | Bought a potion of might for 56 gold pieces
  2157 | D:3      | Reached XP level 4. HP: 24/24 MP: 1/7
  2174 | D:3      | HP: 1/24 [adder (1)]
  2175 | D:3      | Succumbed to an adder's poison

Illustrated notes

Levels and vault maps discovered:
D:1:      dpeg_arrival_three_same_balls, layout_loops_corners
D:2:      layout_loops_ring, serial_shops, nicolae_shop_hallway_stairs,
          grunt_ministairs_13, uniq_sigmund
D:3:      layout_loops_cross, nicolae_wu_jian_wuxing_cycle,
          hellmonk_ecumenical_altar_prayer_group

Skill      XL: |  1  2  3 |
---------------+----------+-----
Stealth        | 3 |  3.7
Dodging        | 3 |  3.2
Spellcasting   | |  2.8
Conjurations   | |  1.9
Fire Magic     | |  3.4

Action                   |  1- 3 |  4- 6 || total
-------------------------+-------+-------++-------
Melee: Short sword       |    29 |    13 ||    42
 Cast: Foxfire           |    34 |     2 ||    36
       Scorch            |     3 |       ||     3
  Use: Potion            |       |     4 ||     4
Armor: Robe              |     6 |     4 ||    10
Dodge: Dodged            |    27 |    25 ||    52
